 Dungeon Crawl Stone Soup version 0.27.1-33-g824d729ab1 (webtiles) character file.

Game seed: 14103752439434355946

189 safid the Chopper (level 5, 0/46 HPs)
             Began as a Hill Orc Fighter on Dec 22, 2021.
             Slain by a mummy (8 damage)
             ... in an ossuary.
             The game lasted 00:06:49 (2924 turns).

safid the Chopper (Hill Orc Fighter)                Turns: 2924, Time: 00:06:50

Health: 0/46       AC:  8    Str: 20    XL:     5   Next: 68%
Magic:  5/5        EV:  7    Int:  8    God:
Gold:   178        SH: 10    Dex: 12    Spells: 4/4 levels left

rFire    . . .     SeeInvis .   a - +0 war axe
rCold    . . .     Faith    .   c - +0 kite shield
rNeg     . . .     Spirit   .   b - +0 scale mail
rPois    .         Reflect  .   (no helmet)
rElec    .         Harm     .   (no cloak)
rCorr    .         Rampage  .   (no gloves)
Will     .....                  f - +0 pair of boots
Stlth    +.........             (no amulet)
HPRegen  0.15/turn              (no ring)
MPRegen  0.09/turn              (no ring)

@: no status effects
A: thin skeletal structure 1
a: no special abilities


You were in an ossuary.
You visited 1 branch of the dungeon, and saw 4 of its levels.
You also visited: Ossuary.

You collected 178 gold pieces.

Inventory:

Hand Weapons
 a - a +0 war axe (weapon)
Missiles
 e - 11 poisoned darts (quivered)
Armour
 b - a +0 scale mail (worn)
 c - a +0 kite shield (worn)
 f - a +0 pair of boots (worn)
Scrolls
 g - 2 scrolls of noise {unknown}
 h - a scroll of summoning {unknown}
 j - 3 scrolls of magic mapping {unknown}
 k - 5 scrolls of identify {unknown}
 l - a scroll of amnesia {unknown}
 n - a scroll of teleportation {unknown}
Potions
 d - a potion of might
 m - a potion of degeneration {unknown}
 o - a potion of mutation


   Skills:
 - Level 4.0 Fighting
 + Level 5.1 Axes
 - Level 4.0 Armour
 + Level 5.0 Shields


You had 4 spell levels left.
You didn't know any spells.
Your spell library was empty.

Dungeon Overview and Level Annotations

Branches:
Dungeon (4/15)            Ossuary (1/1)
 Temple: D:4-7

Altars:
Fedhas


Innate Abilities, Weirdness & Mutations

You have a somewhat thin skeletal structure. (Dex +2, Stealth+)


Message History

A mummy opens the door.
You hit the mummy but do no damage. You barely miss the mummy.
You block the mummy's attack.
You barely miss the mummy. You block the mummy's attack.
You hit the mummy but do no damage. The mummy closely misses you.
Your scale mail prevents you from hitting the mummy.
You block the mummy's attack.
You hit the mummy.
The mummy is moderately damaged.
The mummy hits you!
You are too injured to fight recklessly!
You are too injured to fight recklessly!
You are too injured to fight recklessly!
You are too injured to fight recklessly!
You are too injured to fight recklessly!
You are too injured to fight recklessly!
You are too injured to fight recklessly!
You are too injured to fight recklessly!
You are too injured to fight recklessly!
You are too injured to fight recklessly!
You are too injured to fight recklessly!
You are too injured to fight recklessly!
You are too injured to fight recklessly!
You are too injured to fight recklessly!
You are too injured to fight recklessly!
You are too injured to fight recklessly!
You are too injured to fight recklessly!
You slash the mummy!
The mummy is severely damaged.
Unknown command.
You barely miss the mummy.
The mummy is severely damaged.
The mummy hits you!
* * * LOW HITPOINT WARNING * * *
A mummy comes into view.
Unknown command.
You hit the mummy but do no damage.
The mummy is severely damaged.
The mummy hits you!
You die...

#####
#..∩#
#.@.#
#.M.#
##'##
..M
+#'
.# ##


You could see 2 mummies.

Vanquished Creatures
  A scorpion (D:4)
  A killer bee zombie (D:4)
  5 adders
  A dart slug (D:1)
  2 orcs
  6 endoplasms
  3 giant cockroaches
  6 goblins
  4 hobgoblins
  3 quokkas
  8 ball pythons
  5 bats
  3 frilled lizards
  7 kobolds
  2 quokka zombies (D:4)
  6 rats
63 creatures vanquished.

Vanquished Creatures (others)
  A withered plant (Ossuary)
1 creature vanquished.

Grand Total: 64 creatures vanquished

Notes
Turn   | Place    | Note
-------+----------+-------------------------------------------
     0 | D:1      | safid the Hill Orc Fighter began the quest for the Orb.
     0 | D:1      | Reached XP level 1. HP: 19/19 MP: 1/1
    64 | D:1      | You fall into a shaft and drop 1 floor!
    73 | D:2      | Reached XP level 2. HP: 19/27 MP: 2/2
   250 | D:1      | Found a faded altar of an unknown god.
   482 | D:1      | Reached XP level 3. HP: 26/33 MP: 3/3
  1044 | D:2      | Reached XP level 4. HP: 20/40 MP: 4/4
  1346 | D:2      | Found a blossoming altar of Fedhas.
  2037 | D:3      | HP: 2/40 [poisoned by an adder]
  2551 | D:4      | Reached XP level 5. HP: 46/46 MP: 5/5
  2733 | D:4      | Gained mutation: You sometimes lose the ability to read
                  | scrolls when taking damage. [potion of mutation]
  2733 | D:4      | Lost mutation: You sometimes lose the ability to read
                  | scrolls when taking damage. [potion of mutation]
  2733 | D:4      | Gained mutation: You have a somewhat thin skeletal
                  | structure. (Dex +2, Stealth+) [potion of mutation]
  2745 | D:4      | Reached skill level 5 in Axes
  2745 | D:4      | Reached skill level 5 in Shields
  2837 | D:4      | Found a sand-covered staircase.
  2903 | Ossuary  | Entered an ossuary
  2924 | Ossuary  | Slain by a mummy

Illustrated notes

Levels and vault maps discovered:
D:1:      elethiomel_arrival_infinity_welcomes_careful_drivers, layout_basic,
          hellmonk_ecumenical_altar_lost_god
D:2:      layout_basic, basic_altar
D:3:      layout_rooms, nicolae_overflow_hidden_temple
D:4:      layout_layer_cave, enter_ossuary_4, nrook_uturn, corexii_shack,
          minmay_crossroads, uniq_edmund
Ossuary:  ossuary_zaba_flooded

Skill      XL: |  1  2  3  4  5 |
---------------+----------------+-----
Axes           | 3 4 5 |  5.1
Fighting       | 4 |  4.0
Armour         | 4 |  4.0
Shields        | 4 5 |  5.0

Action                   |  1- 3 |  4- 6 || total
-------------------------+-------+-------++-------
Melee: War axe           |    98 |   103 ||   201
  Use: Potion            |       |     3 ||     3
Armor: Scale mail        |    78 |    37 ||   115
       Skin              |       |     8 ||     8
Dodge: Dodged            |    45 |    31 ||    76
Block: Kite shield       |    74 |    56 ||   130
